 Dungeon Crawl Stone Soup version 0.28-a0-793-g31680bbd8b (webtiles) character file.

Game seed: 1489783149235719023

13831 gimp the Cleaver (level 12, -20/86 HPs)
             Began as a Formicid Wanderer on Nov 5, 2021.
             Was the Champion of Okawaru.
             Demolished by an orc warlord (23 damage)
             ... on level 9 of the Dungeon.
             The game lasted 00:26:21 (18824 turns).

gimp the Cleaver (Formicid Wanderer)               Turns: 18824, Time: 00:26:22

Health: -20/86     AC: 12    Str: 23    XL:     12   Next: 37%
Magic:  0/20       EV: 10    Int: 11    God:    Okawaru [******]
Gold:   1012       SH: 11    Dex: 16    Spells: 12/13 levels left

rFire   . . .      SeeInvis +   a - +1 hand axe (venom)
rCold   . . .      Faith    .   A - +0 kite shield
rNeg    . . .      Spirit   +   k - +4 ring mail
rPois   .          Reflect  .   (helmet unavailable)
rElec   .          Harm     .   o - +0 cloak
rCorr   .          Rampage  .   (no gloves)
Will    +....                   (no boots)
Stlth   +.........              w - amulet of guardian spirit
HPRegen 0.24/turn               j - ring of Liorhuh {Dex+6 Slay+3 SInv}
MPRegen 0.17/turn               (no ring)

@: mighty, attractive
A: permanent stasis, dig shafts and tunnels, antennae 3, four strong arms,
talons 1
a: Dig, Shaft Self, Renounce Religion, Heroism, Finesse, Duel


You were on level 9 of the Dungeon.
You worshipped Okawaru.
Okawaru was exalted by your worship.
You visited 2 branches of the dungeon, and saw 13 of its levels.
You also visited: Bailey.

You collected 1012 gold pieces.

Inventory:

Hand Weapons
 a - a +1 hand axe of venom (weapon)
 b - a +0 battleaxe
 m - a +0 war axe
 r - a +1 hand axe
 B - a +0 shortbow
Missiles
 c - 301 arrows
 v - 39 bolts
 y - 15 poisoned darts
Armour
 e - a +3 scale mail
 k - a +4 ring mail (worn)
 o - a +0 cloak (worn)
 A - a +0 kite shield (worn)
 K - a +0 plate armour
Jewellery
 d - a ring of ice
 j - the ring of Liorhuh (left hand) {Dex+6 Slay+3 SInv}
   (You acquired it on level 6 of the Dungeon)

   [ring of dexterity]

   Dex:       It affects your dexterity (+6).
   Slay:      It affects your accuracy & damage with ranged weapons and melee
   (+3).
   SInv:      It lets you see invisible.
 w - an amulet of guardian spirit (around neck)
 I - the macabre finger necklace {rN+}
   (You found it on level 11 of the Dungeon)

   [amulet of nothing]

   It enables you to equip an extra ring.
   rN:        It protects you from negative energy.
Wands
 h - a wand of digging (11)
 x - a wand of flame (21)
 F - a wand of polymorph (7)
Scrolls
 q - 2 scrolls of enchant weapon
 E - a scroll of enchant armour
Potions
 f - a potion of resistance
 i - 3 potions of lignification
 s - a potion of cancellation
 t - 2 potions of magic
 u - a potion of mutation
 z - 2 potions of degeneration
 H - a potion of brilliance {unknown}
Miscellaneous
 l - a lightning rod (inert)
 J - a phial of floods (inert)


   Skills:
 - Level 5.0 Fighting
 * Level 12.3 Axes
 - Level 1.0 Bows
 - Level 9.2 Armour
 - Level 1.2 Stealth
 * Level 9.0 Shields
 - Level 1.1 Spellcasting
 - Level 2.0 Ice Magic
 + Level 10.8 Invocations
 - Level 1.1 Evocations


You had 12 spell levels left.
You knew the following spells:

 Your Spells              Type           Power      Damage    Failure   Level
a - Freeze                Ice            20%        1d4       21%         1

Your spell library contained the following spells:

 Spells                   Type           Power      Damage    Failure   Level
 Beastly Appendage        Tmut           0%         N/A       43%         1
 Frozen Ramparts          Ice            10%        1d3       52%         3
 Ozocubu's Armour         Ice            5%         N/A       52%         3
 Wereblood                Tmut           0%         N/A       56%         2
 Spider Form              Tmut/Pois      0%         N/A       80%         3
 Ice Form                 Ice/Tmut       2%         N/A       97%         4
 Summon Ice Beast         Ice/Summ       Unusable   N/A       N/A         4

Dungeon Overview and Level Annotations

Branches:
Dungeon (12/15)              Lair (0/6) D:11            Orc (1/2) D:9
 Bailey (visited)
 Temple: D:4-7

Altars:
Cheibriados
Dithmenos
Elyvilon
Fedhas
Hepliaklqana
Kikubaaqudgha
Makhleb
Okawaru
Ru
Sif Muna
Uskayaw
Wu Jian
Zin
Beogh

Shops:
D:8 *

Annotations:
D:7 Duvessa


Innate Abilities, Weirdness & Mutations

You cannot be hasted, slowed, berserked, paralysed or teleported.
You can dig through walls and to a lower floor.
You have a pair of large antennae on your head. (SInv)
Your four strong arms can wield two-handed weapons with a shield.
You have sharp toenails.


Message History

The orc warlord is lightly wounded.
You block the orc warlord's attack.
Aiming: Thunderbolt
Press: ? - help, Shift-Dir - straight line, f/p - orc warlord
Aim: an orc warlord, wielding a +0 war axe, wearing a +3 chain mail of fire resistance and quivering bolts (moderately wounded, extremely poisoned)
The thunderbolt hits the orc warlord!
The orc warlord is moderately wounded.
The orc warlord hits you with a +0 war axe!
You take 13 damage, and have 48/86 hp.
You now have 12/20 mp.
Aiming: Thunderbolt
Press: ? - help, Shift-Dir - straight line, f/p - orc warlord
Aim: an orc warlord, wielding a +0 war axe, wearing a +3 chain mail of fire resistance and quivering bolts (moderately wounded, extremely poisoned)
The thunderbolt hits the orc warlord!
The orc warlord is heavily wounded.
The lightning rod overheats!
The orc warlord hits you with a +0 war axe!
You take 10 damage, and have 38/86 hp.
You now have 10/20 mp.
Okay, then.
Unknown command.
You hit the orc warlord but do no damage.
The orc warlord looks as sick as possible!
You claw the orc warlord, but do no damage.
The orc warlord is heavily wounded.
The orc warlord hits you with a +0 war axe!!
* * * LOW HITPOINT WARNING * * *
You take 16 damage, and have 22/86 hp.
You now have 6/20 mp.
You feel better.
The orc warlord hits you with a +0 war axe!!
* * * LOW HITPOINT WARNING * * *
You take 12 damage, and have 10/86 hp.
You now have 3/20 mp.
You feel better.
The orc warlord hits you with a +0 war axe!
* * * LOW HITPOINT WARNING * * *
You take 8 damage, and have 2/86 hp.
You now have 1/20 mp.
It was a potion of attraction.
You feel attractive to monsters. The orc warlord completely misses you.
You feel very mighty all of a sudden.
The orc warlord hits you with a +0 war axe!!
You die...

###...####.........#...#.......##
....8....#........###.##.......#.
.........#..............#.#......
.........#...............##.###..
.........#...............#..###..
...............[###......#.......
...[[.........o[[..........#.....
8...>[..8...))###o.........#.....
..............#.@.........##.....
............)....................
.........#..#..##...........#...#
.........####..##...##...########
.........# #...#...###..##
.o..8....# #......###...###
#.#...#### #..........#...##
##.#.## ##.........#....# #.##.#
##)#........)..##


You could see an orc warlord (extremely poisoned).

Vanquished Creatures
  An orc warlord (D:9)
  4 two-headed ogres
  A centaur warrior (D:9)
  An orc knight (Bailey)
  2 orc sorcerers (D:9)
  A manticore (D:10)
  An ugly thing (D:12)
  A gargoyle (D:11)
  A centaur zombie (D:11)
  A troll (D:9)
  Prince Ribbit (D:6)
  3 wraiths
  A vampire (D:8)
  A shadow (D:8)
  A wyvern (D:9)
  Menkaure (D:6)
  3 wargs
  A two-headed ogre zombie (D:9)
  An acid dragon (D:10)
  2 water moccasins (D:5)
  3 black bears
  13 orc warriors
  4 ogres
  2 sky beasts
  3 necrophages
  11 centaurs
  A phantom (D:9)
  4 bullfrogs
  A wyvern zombie (D:6)
  4 scorpions
  A water moccasin zombie (D:6)
  A troll zombie (D:9)
  9 killer bees (D:10)
  5 wights
  4 howler monkeys
  4 orc priests
  2 jellies
  A bullfrog skeleton (D:5)
  A centaur skeleton (D:6)
  A gnoll shaman (D:6)
  3 iguanas
  Natasha (thrice) (D:3)
  6 orc wizards
  A killer bee zombie (D:6)
  6 ogre zombies (D:9)
  Robin (D:4)
  2 adders
  3 gnolls (D:6)
  A howler monkey skeleton (D:7)
  A shadow imp (D:6)
  An ufetubus (D:5)
  An adder skeleton (D:4)
  2 worms
  A dart slug (D:2)
  45 orcs
  3 ball pythons
  5 endoplasms
  3 giant cockroaches
  18 goblins
  5 hobgoblins
  3 quokkas
  3 bats
  A frilled lizard (D:2)
  5 goblin zombies (D:9)
  3 hobgoblin skeletons (D:9)
  4 hobgoblin zombies (D:9)
  17 kobolds
  13 orc zombies (D:9)
264 creatures vanquished.

Vanquished Creatures (others)
  An orc (Orc:1)
  4 fungi (D:11)
  10 plants
15 creatures vanquished.

Grand Total: 279 creatures vanquished

Notes
Turn   | Place    | Note
-------+----------+-------------------------------------------
     0 | D:1      | gimp the Formicid Wanderer began the quest for the Orb.
     0 | D:1      | gimp set off with the following items: a +0 shortbow, a +2
                  | scale mail, 28 arrows; and the following spell memorised:
                  | Freeze; and the following spells available to memorise:
                  | Ozocubu's Armour
     0 | D:1      | Reached XP level 1. HP: 15/15 MP: 2/2
   204 | D:1      | Found a faded altar of an unknown god.
   704 | D:2      | Reached XP level 2. HP: 22/22 MP: 3/3
   947 | D:2      | Reached XP level 3. HP: 28/28 MP: 4/4
   955 | D:2      | Found a shadowy altar of Dithmenos.
  1594 | D:3      | Noticed Natasha
  1598 | D:3      | Killed Natasha
  1599 | D:3      | Reached XP level 4. HP: 35/35 MP: 5/5
  1690 | D:3      | Found a hide-covered altar of Uskayaw.
  1691 | D:3      | Found a shimmering blue altar of Sif Muna.
  1730 | D:3      | Noticed Natasha
  1735 | D:3      | Killed Natasha
  1770 | D:3      | Noticed Natasha
  1774 | D:3      | Killed Natasha
  1775 | D:3      | Reached XP level 5. HP: 41/42 MP: 6/6
  2161 | D:4      | Found a white marble altar of Elyvilon.
  2354 | D:4      | Found a blossoming altar of Fedhas.
  2399 | D:4      | Found an iron altar of Okawaru.
  2450 | D:4      | Became a worshipper of Warmaster Okawaru
  2477 | D:4      | Found a snail-covered altar of Cheibriados.
  2490 | D:4      | Noticed Robin
  2564 | D:4      | Reached XP level 6. HP: 25/50 MP: 5/7
  2591 | D:4      | Killed Robin
  2592 | D:4      | Reached skill level 1 in Invocations
  3066 | D:4      | Found a sacrificial altar of Ru.
  3642 | D:5      | Entered Level 5 of the Dungeon
  3720 | D:5      | Noticed a necrophage
  3741 | D:5      | Killed a necrophage
  3742 | D:5      | Reached skill level 5 in Fighting
  3742 | D:5      | Reached skill level 5 in Armour
  3971 | D:5      | Noticed a water moccasin
  3990 | D:5      | Killed a water moccasin
  3991 | D:5      | Reached skill level 1 in Axes
  3991 | D:5      | Reached XP level 7. HP: 13/56 MP: 2/9
  4688 | D:5      | Reached * piety under Okawaru
  4689 | D:5      | Reached skill level 2 in Axes
  5124 | D:5      | Reached skill level 3 in Axes
  5606 | D:6      | Reached XP level 8. HP: 62/62 MP: 11/11
  6041 | D:5      | Reached skill level 4 in Axes
  6280 | D:6      | Noticed Menkaure
  6310 | D:5      | Gained mutation: You have sharp toenails. [potion of
                  | mutation]
  6310 | D:5      | HP: 2/62 [poisoned by a water moccasin]
  6315 | D:5      | Reached ** piety under Okawaru
  6722 | D:5      | Reached skill level 5 in Axes
  6722 | D:5      | Reached skill level 5 in Invocations
  7426 | D:6      | Reached XP level 9. HP: 37/68 MP: 9/13
  7672 | D:6      | Killed Menkaure
  7673 | D:6      | Reached skill level 6 in Axes
  7761 | D:5      | Reached *** piety under Okawaru
  8822 | D:6      | Noticed Prince Ribbit
  8834 | D:6      | Killed Prince Ribbit
  8835 | D:6      | Reached skill level 7 in Axes
  9407 | D:6      | Identified a scroll of acquirement
  9407 | D:6      | Acquired the ring of Liorhuh {Dex+6 Slay+3 SInv}
  9449 | D:7      | Noticed a two-headed ogre
 10319 | D:7      | Noticed a slime creature
 10676 | D:7      | Noticed Duvessa
 10774 | D:8      | Reached skill level 8 in Axes
 10774 | D:8      | Reached XP level 10. HP: 71/73 MP: 15/15
 10918 | D:8      | Found an ancient bone altar of Kikubaaqudgha.
 10987 | D:8      | Found a glowing silver altar of Zin.
 11025 | D:8      | Reached **** piety under Okawaru
 11142 | D:8      | Found Silaskask's Demolitions Depot.
 11619 | D:9      | Found a flagged portal.
 11645 | D:9      | Noticed a two-headed ogre
 11659 | Bailey   | Entered a bailey
 11787 | Bailey   | Noticed an orc knight
 11808 | Bailey   | Killed an orc knight
 11809 | Bailey   | Reached skill level 9 in Axes
 11985 | Bailey   | Found a bloodstained altar of Trog.
 12313 | D:9      | Noticed a centaur warrior
 12358 | D:9      | Killed a centaur warrior
 12644 | D:9      | Killed a two-headed ogre
 12644 | D:9      | Reached ***** piety under Okawaru
 12645 | D:9      | Reached skill level 10 in Axes
 12645 | D:9      | Reached XP level 11. HP: 43/79 MP: 12/17
 12814 | D:9      | Noticed a two-headed ogre
 12833 | D:9      | Killed a two-headed ogre
 13617 | D:8      | Reached skill level 5 in Shields
 14021 | D:9      | Found a staircase to the Orcish Mines.
 14062 | D:9      | Found a burning altar of Makhleb.
 14062 | D:9      | Noticed a cacodemon
 14189 | D:10     | Entered Level 10 of the Dungeon
 14697 | D:10     | Reached skill level 11 in Axes
 14901 | D:10     | Received a gift from Okawaru
 15141 | D:10     | Found a hazy altar of Hepliaklqana.
 15168 | D:10     | Found an ornate altar of the Wu Jian Council.
 15385 | D:11     | Noticed a manticore
 15399 | D:10     | Killed a manticore
 15399 | D:10     | Received a gift from Okawaru
 15669 | D:11     | Noticed a four-headed hydra
 15871 | D:11     | Found a staircase to the Lair.
 15871 | D:11     | Found the macabre finger necklace {rN+}
 15880 | D:11     | Reached skill level 10 in Invocations
 15989 | D:11     | Noticed a cyclops
 15998 | D:11     | Identified the +7 war axe of Instinct {vorpal, Int+5}
 16087 | Orc:1    | Entered Level 1 of the Orcish Mines
 16087 | Orc:1    | Noticed a two-headed ogre
 16098 | D:9      | Killed a two-headed ogre
 16098 | D:9      | Reached ****** piety under Okawaru
 16118 | Orc:1    | Noticed an orc sorcerer
 16122 | Orc:1    | Noticed an orc warlord
 16374 | Orc:1    | Noticed an orc sorcerer
 16994 | D:9      | Killed an orc warlord
 16995 | D:9      | Reached XP level 12. HP: 29/86 MP: 9/19
 17274 | Orc:1    | Noticed an orc warlord
 17623 | D:9      | Identified the -7 pair of gloves "Pipraick" {*Corrode
                  | +Blink Regen+ Stlth+} (Okawaru gifted it to you on level 9
                  | of the Dungeon)
 17623 | D:9      | Received a gift from Okawaru
 17815 | D:9      | Reached skill level 12 in Axes
 18022 | D:9      | You fall into a shaft and drop 3 floors!
 18518 | D:11     | Noticed a two-headed ogre
 18530 | D:11     | Killed a two-headed ogre
 18822 | D:9      | HP: 2/86 [orc warlord (15)]
 18824 | D:9      | Demolished by an orc warlord

Illustrated notes

Levels and vault maps discovered:
D:1:      tarquinn_simple_flora_water_f, layout_loops_ring,
          hellmonk_ecumenical_altar_arch_garden
D:2:      layout_basic, basic_altar
D:3:      layout_rooms, mainiacjoe_overflow_divided_tiny, uniq_natasha
D:4:      cheibrodos_old_hovel, layout_loops_corners,
          mainiacjoe_overflow_catwalk, general_overflow_altar,
          nicolae_overflow_crystal_walls, nicolae_elyvilon_peaceful_grove,
          old_standard_altar, serial_co_window_serial, co_window_paths_a,
          co_window_corner_a, co_window_of_opportunity_a, co_window_corner_a,
          co_window_paths_a, co_window_corner_cb, co_window_paths_c,
          co_window_broadway_a, co_window_2corner, co_window_2corner,
          co_window_2corner, co_window_paths_d, uniq_robin
D:5:      layout_basic, kennysheep_big_empty_room
D:6:      hangedman_cross_stitches, layout_basic, uniq_menkaure,
          uniq_prince_ribbit1
D:7:      layout_gridville, minmay_temple_entry_waves,
          minmay_manual_mandibuliform, uniq_duvessa
D:8:      layout_gridville, kennysheep_little_box, zin_statuary,
          nicolae_blasting_shop
D:9:      layout_cave_pools, makhleb_altar_promises_db, zombieorc2_lemuel,
          enter_bailey_2
D:10:     layout_roguey, kennysheep_mini, nzn_hepliaklqana_mist_gate,
          special_room [special_room_orc]
D:11:     kennysheep_windowed_halls, layout_rooms,
          grunt_lair_entry_orc_guard_hut
D:12:     layout_roguey, serial_shops, shop, grunt_qazlal_sundering
Orc:1:    layout_caves, serial_shops, nicolae_square_shop

Skill      XL: |  1  2  3  4  5  6  7  8  9 10 11 12 |
---------------+-------------------------------------+-----
Fighting       | 2 3 4 5 |  5.0
Armour         | 4 5 6 8 9 |  9.2
Invocations    | 3 4 5 7 9 10 | 10.8
Axes           | 1 3 5 8 10 11 12 | 12.3
Shields        | 2 7 9 |  9.0
Bows           | |  1.0
Stealth        | |  1.2
Spellcasting   | |  1.1
Ice Magic      | |  2.0
Evocations     | |  1.1

Action                   |  1- 3 |  4- 6 |  7- 9 | 10-12 || total
-------------------------+-------+-------+-------+-------++-------
Melee: Hand axe          |       |   125 |   396 |   467 ||   988
       Kick              |       |       |    84 |   227 ||   311
       Punch             |       |       |     1 |       ||     1
       Battleaxe         |       |       |       |    17 ||    17
 Fire: Shortbow          |    73 |    74 |       |       ||   147
Throw: Dart              |       |       |       |    24 ||    24
Invok: Heroism           |       |       |     1 |       ||     1
 Abil: Dig               |       |     4 |     7 |     8 ||    19
       Shaft Self        |       |       |       |     1 ||     1
Evoke: Wand              |       |     3 |    13 |    14 ||    30
       Lightning rod     |       |       |       |     6 ||     6
       Phial of floods   |       |       |       |     1 ||     1
  Use: Potion            |       |     5 |     7 |     4 ||    16
       Scroll            |       |       |    10 |     8 ||    18
 Stab: Sleeping          |       |       |       |     1 ||     1
Armor: Scale mail        |     8 |    99 |    27 |       ||   134
       Ring mail         |       |       |   189 |   210 ||   399
Dodge: Dodged            |     8 |    84 |   251 |   216 ||   559
Block: Kite shield       |       |       |       |   141 ||   141

Table legend: (Time is in decaauts)
 A = Elapsed time spent in this place.
 B = Non-inter-level travel time spent in this place.
 C = Inter-level travel time spent in this place.
 D = Time resting spent in this place.
 E = Time spent auto-exploring this place.
 F = Levels seen in this place.
 G = Mean time per level.
                   A        B        C        D        E       F      G
               +--------+--------+--------+--------+--------+-----+--------+
         Total |  18871 |  18412 |    459 |   5291 |   9658 |  14 | 1347.9 |
       Dungeon |  18454 |  17996 |    458 |   5291 |   9381 |  12 | 1537.8 |
  Orcish Mines |     31 |     31 |      0 |      0 |      0 |   1 |   31.0 |
        Bailey |    385 |    385 |      0 |      0 |    277 |   1 |  385.0 |
               +--------+--------+--------+--------+--------+-----+--------+

Top non-repeatable levels by time:
     D:5: 4603 daAuts
     D:9: 3054 daAuts
     D:6: 2013 daAuts
     D:8: 1978 daAuts
     D:4: 1895 daAuts
    D:10: 1571 daAuts
     D:2: 820 daAuts
     D:1: 680 daAuts
    D:11: 542 daAuts
     D:3: 501 daAuts
    D:12: 494 daAuts
  Bailey: 385 daAuts
     D:7: 299 daAuts
   Orc:1: 31 daAuts
